 Dungeon Crawl Stone Soup version 0.19.1-1-g22dce08 (webtiles) character file.

5073 Queen the Basher (level 10, -8/56 HPs)
             Began as a Gargoyle Berserker on Jan 16, 2017.
             Was an Elder of Trog.
             Mangled by a two-headed ogre
             ... wielding a +0 giant spiked club
              (18 damage)
             ... on level 9 of the Dungeon.
             The game lasted 00:43:30 (9401 turns).

Queen the Basher (Gargoyle Berserker)               Turns: 9401, Time: 00:43:31

Health: -8/56      AC: 20    Str: 20    XL:     10   Next: 56%
Magic:  10/10      EV:  6    Int: 13    God:    Trog [****..]
Gold:   363        SH:  0    Dex: 12    Spells: 0 memorised, 9 levels left

rFire  . . .     SeeInvis .     B - +0 morningstar
rCold  . . .     Gourm    .     e - +0 plate armour
rNeg   + . .     Faith    .     (no shield)
rPois  ∞         Spirit   .     q - +0 helmet
rElec  +         Reflect  .     (no cloak)
rCorr  .         Harm     .     t - +0 pair of gloves
MR     .....                    (no boots)
Stlth  ..........               x - amulet of magic regeneration
                                y - +4 ring of intelligence
                                j - ring of stealth

@: no status effects
A: negative energy resistance 1, electricity resistance, unbreathing,
petrification resistance, rot immunity, AC +7
a: Berserk, Trog's Hand, Brothers in Arms, Burn Spellbooks, Renounce Religion


You were on level 9 of the Dungeon.
You worshipped Trog.
Trog was greatly pleased with you.
You were not hungry.

You visited 2 branches of the dungeon, and saw 10 of its levels.

You collected 363 gold pieces.

Inventory:

Hand Weapons
 B - a +0 morningstar (weapon)
Missiles
 I - 7 tomahawks (quivered)
Armour
 e - a +0 plate armour (worn)
 q - a +0 helmet (worn)
 t - a +0 pair of gloves (worn)
Jewellery
 j - a ring of stealth (left hand)
 l - an uncursed ring of fire {unknown}
 n - an uncursed ring of positive energy
 r - an uncursed ring of flight
 x - an amulet of magic regeneration (around neck)
 y - a +4 ring of intelligence (right hand)
Wands
 a - a wand of flame (26/48)
 D - a wand of slowing (9/48)
 H - a wand of random effects (24/48)
Scrolls
 b - a scroll of noise {unknown}
 f - 5 scrolls of teleportation
 g - 5 scrolls of recharging
 h - a scroll of immolation {unknown}
 i - 3 scrolls of magic mapping
 p - 4 scrolls of amnesia {unknown}
 v - 2 scrolls of blinking {unknown}
 w - a scroll of fear {unknown}
 C - a scroll of enchant weapon
 E - a scroll of vulnerability {unknown}
 L - a scroll of identify
Potions
 d - 2 potions of brilliance
 m - 2 potions of curing
 o - a potion of agility {unknown}
 u - a potion of resistance
 A - 3 potions of heal wounds
 J - a potion of berserk rage {unknown}
 K - a potion of flight
Books
 z - a book of Flames

   Spells                             Type                      Level
   a - Flame Tongue                   Conjuration/Fire             1
   b - Throw Flame                    Conjuration/Fire             2
   c - Conjure Flame                  Conjuration/Fire             3
   d - Inner Flame                    Hexes/Fire                   3
   e - Sticky Flame                   Conjuration/Fire             4
   f - Fireball                       Conjuration/Fire             5
   Trog disapproves of the use of such an item.
Comestibles
 c - 8 bread rations
 k - 8 fruits
 s - 3 slices of pizza
 F - 2 beef jerkies


   Skills:
 - Level 3.2 Fighting
 + Level 14.8 Maces & Flails
 - Level 2.1 Armour
 - Level 1.5 Dodging


You had 9 spell levels left.
You didn't know any spells.

Dungeon Overview and Level Annotations

Branches:
Dungeon (9/15)             Temple (1/1) D:7
   Lair: D:8-11         Orc: D:9-12

Altars:
Ashenzari
Cheibriados
Dithmenos
Elyvilon
Fedhas
Gozag
Hepliaklqana
Kikubaaqudgha
Makhleb
Nemelex Xobeh
Okawaru
Qazlal
Ru
Sif Muna
Trog
Uskayaw
Vehumet
Xom
Yredelemnul
Zin
The Shining One

Shops:
D:8 =

Annotations:
D:8 exclusion: 2 oklob plants


Innate Abilities, Weirdness & Mutations

You are resistant to torment.
Your stone body is resilient. (AC +7)
You are immune to poison.
You resist negative energy. (rN+)
You are resistant to electric shocks. (rElec)
You can survive without breathing.
You are immune to petrification.
You are immune to rotting.


Message History

You closely miss the wyvern.
The wyvern bites you but does no damage.
You closely miss the wyvern.
The wyvern bites you but does no damage.
You bludgeon the wyvern!!
The wyvern is severely wounded.
The wyvern bites you but does no damage.
You bludgeon the wyvern!!
You kill the wyvern!
Trog accepts your kill.
You closely miss the necrophage.
The necrophage hits you but does no damage.
You sock the necrophage!
The necrophage is heavily damaged.
The two-headed ogre hits you with a giant spiked club!
The two-headed ogre hits you with a giant club!
The two-headed ogre hits you with a giant spiked club!
* * * LOW HITPOINT WARNING * * *
The two-headed ogre hits you with a giant club!!
You die...

##.......## .........
######...>...## #
#.................#
###.........#.......###
......................
............#.#.#.#.#.#
...............nO.....#
................@######
................>#
.................#
.................#
.................#
.................#
###..............# #
##.............#
#.[.#####.....#


You could see a two-headed ogre and a necrophage.

Vanquished Creatures
  Grinder (D:4)
  A spriggan (D:7)
  A wyvern (D:9)
  The ghost of Kiel97 the Poker, an amateur FoFi of Elyvilon (D:3)
  4 ice beasts
  5 phantoms
  An orc warrior (D:8)
  A black bear (D:5)
  2 sky beasts
  6 ogres
  3 centaurs
  A big kobold (D:7)
  A bullfrog (D:8)
  4 scorpions
  14 killer bees (D:8)
  2 howler monkeys
  2 bullfrog zombies (D:6)
  3 crimson imps
  A quasit (D:9)
  A centaur zombie (D:6)
  6 hounds
  3 jellies
  6 orc wizards
  2 bullfrog skeletons (D:4)
  2 iguanas
  9 worker ants
  Natasha (thrice) (D:4)
  A hound zombie (D:5)
  A howler monkey zombie (D:8)
  Robin (D:3)
  9 gnolls
  12 adders
  2 shadow imps
  3 oozes
  An adder zombie (D:5)
  7 worms
  3 dart slugs
  7 leopard geckos
  30 orcs
  5 giant cockroaches
  11 goblins
  8 hobgoblins
  14 jackals
  10 kobolds
  4 quokkas
  5 bats
  4 frilled lizards
  A leopard gecko skeleton (D:9)
  7 rats
232 creatures vanquished.

Notes
Turn   | Place    | Note
-------+----------+-------------------------------------------
     0 | D:1      | Queen the Gargoyle Berserker began the quest for the Orb.
     0 | D:1      | Reached XP level 1. HP: 14/14 MP: 1/1
   229 | D:1      | Reached XP level 2. HP: 17/19 MP: 2/2
   419 | D:1      | Reached skill level 4 in Maces & Flails
   548 | D:1      | Reached XP level 3. HP: 21/23 MP: 3/3
  1878 | D:2      | Reached ** piety under Trog
  1990 | D:2      | Reached XP level 4. HP: 18/28 MP: 4/4
  2259 | D:2      | Reached skill level 5 in Maces & Flails
  2743 | D:3      | Reached XP level 5. HP: 32/32 MP: 5/5
  2866 | D:3      | Noticed Robin
  2879 | D:3      | Killed Robin
  2946 | D:3      | Noticed Kiel97's ghost (amateur FoFi)
  2949 | D:3      | Reached skill level 6 in Maces & Flails
  2980 | D:3      | Killed Kiel97's ghost
  2980 | D:3      | Reached skill level 7 in Maces & Flails
  2980 | D:3      | Reached XP level 6. HP: 24/37 MP: 6/6
  3353 | D:4      | Noticed Natasha
  3373 | D:4      | Killed Natasha
  3401 | D:4      | Reached *** piety under Trog
  3443 | D:4      | Noticed a phantom
  3502 | D:4      | Killed a phantom
  3502 | D:4      | Reached skill level 8 in Maces & Flails
  3502 | D:4      | Reached XP level 7. HP: 31/41 MP: 7/7
  3831 | D:4      | Noticed Natasha
  3840 | D:4      | Killed Natasha
  3973 | D:4      | Found an opulent altar of Gozag.
  3978 | D:4      | Noticed Natasha
  3983 | D:4      | Killed Natasha
  3983 | D:4      | Reached skill level 9 in Maces & Flails
  3992 | D:4      | Noticed Grinder
  4074 | D:4      | Paralysed by Grinder for 4 turns
  4085 | D:4      | Paralysed by Grinder for 2 turns
  4093 | D:4      | Killed Grinder
  4093 | D:4      | Reached XP level 8. HP: 28/46 MP: 8/8
  4383 | D:5      | Entered Level 5 of the Dungeon
  4409 | D:5      | Reached skill level 10 in Maces & Flails
  4606 | D:5      | Reached skill level 11 in Maces & Flails
  4937 | D:5      | Reached XP level 9. HP: 45/51 MP: 9/9
  5306 | D:6      | Reached **** piety under Trog
  5700 | D:6      | Reached skill level 12 in Maces & Flails
  6563 | D:7      | Found a staircase to the Ecumenical Temple.
  6659 | D:7      | Reached skill level 13 in Maces & Flails
  7161 | Temple   | Entered the Ecumenical Temple
  7596 | D:8      | Reached XP level 10. HP: 50/56 MP: 10/10
  7682 | D:8      | Found Cutal's Jewellery Boutique.
  7761 | D:8      | Found a blossoming altar of Fedhas.
  7764 | D:8      | Noticed an oklob plant
  7764 | D:8      | Noticed an oklob plant
  8215 | D:8      | Reached skill level 14 in Maces & Flails
  9401 | D:9      | Mangled by a two-headed ogre

Skill      XL: |  1  2  3  4  5  6  7  8  9 10 |
---------------+-------------------------------+-----
Maces & Flails | 4 5 7 8 9 11 13 14 | 14.8
Fighting       | |  3.2
Armour         | |  2.1
Dodging        | |  1.5

Action                   |  1- 3 |  4- 6 |  7- 9 | 10-12 || total
-------------------------+-------+-------+-------+-------++-------
Melee: Mace              |   113 |   209 |   184 |       ||   506
       Morningstar       |       |       |   343 |   257 ||   600
Throw: Tomahawk          |       |       |       |     4 ||     4
Invok: Berserk           |     1 |     2 |     3 |     1 ||     7
       Trog's Hand       |       |     5 |     5 |     3 ||    13
  Use: Scroll            |       |     2 |     9 |     1 ||    12
 Stab: Sleeping          |     1 |     1 |     4 |       ||     6
  Eat: Chunk             |     5 |     7 |    18 |     5 ||    35
       Meat ration       |       |       |     1 |       ||     1
Armor: Animal skin       |    25 |     3 |       |       ||    28
       Ring mail         |       |    88 |   136 |       ||   224
       Chain mail        |       |       |   124 |     5 ||   129
       Plate armour      |       |       |       |   254 ||   254
Dodge: Dodged            |    49 |   114 |   253 |    98 ||   514
